[Event "Titled Tuesday Blitz June 21 Late 2022"]
[White "Gubajdullin, Alexei"]
[Black "Chigaev, Maksim"]
[WhiteFideId "4141202"]
[BlackFideId "4108116"]
[WhiteElo "2280"]
[BlackElo "2457"]
[Result "1-0"]
[Round "11"]
[TimeControl "180+1"]
[Date "2022.06.21"]
[WhiteClock "0:00:19"]
[BlackClock "0:00:13"]

1. c4 e6 2. Nf3 d5 3. b3 Nf6 4. Bb2 Be7 5. g3 O-O 6. Bg2 b6 7. O-O Bb7 8. e3 c5 9. Nc3 Qc8 10. Qe2 Rd8 11. d3 Nc6 12. Rad1 d4 13. exd4 Nxd4 14. Nxd4 Bxg2 15. Kxg2 cxd4 16. Nb5 Bc5 17. Qf3 a6 18. Na3 e5 19. Rfe1 Re8 20. Nc2 a5 21. a3 Ra7 22. Bc1 Rae7 23. Bg5 Re6 24. b4 Bf8 25. Bxf6 Rxf6 26. Qe4 Rfe6 27. b5 g6 28. a4 Qc5 29. Re2 h5 30. Rde1 f5 31. Qd5 Kf7 32. f4 Bd6 33. fxe5 Qxd5+ 34. cxd5 Rxe5 35. Nxd4 Rxe2+ 36. Rxe2 Rxe2+ 37. Nxe2 Kf6 38. d4 g5 39. h3 Ke7 40. Kf3 Kf6 41. g4 h4 42. Nc3 Bb4 43. Nd1 Bd2 44. gxf5 Kxf5 45. Ne3+ Bxe3 46. Kxe3 Kf6 47. Ke4 Ke7 48. Kf5 Kd6 49. Kxg5 Kxd5 50. Kxh4 Kxd4 51. Kg5 Kc4 52. h4 Kb4 53. h5 Kxa4 54. h6 Kxb5 55. h7 a4 56. h8=Q Kb4 57. Qb2+ Ka5 58. Kf4 b5 59. Ke4 b4 60. Kd4 a3 61. Qb3 1-0


[Site "https://www.chess.com"]

[Event "Titled Tuesday Blitz June 21 Late 2022"]
[White "Hansen, Eric"]
[Black "Clarke, Brandon G I"]
[WhiteFideId "2606771"]
[BlackFideId "400319"]
[WhiteElo "2568"]
[BlackElo "2414"]
[Result "0-1"]
[Round "11"]
[TimeControl "180+1"]
[Date "2022.06.21"]
[WhiteClock "0:00:13"]
[BlackClock "0:02:17"]

1. e4 e6 2. d4 d5 3. Nc3 Nf6 4. Bg5 dxe4 5. Nxe4 Be7 6. Bxf6 gxf6 7. Nf3 f5 8. Nc3 a6 9. g3 b5 10. Bg2 Bb7 11. O-O O-O 12. Ne5 Bxg2 13. Kxg2 b4 14. Na4 Qd5+ 15. Qf3 Qxf3+ 16. Nxf3 Rd8 17. Rfd1 Nd7 18. c4 bxc3 19. Nxc3 Nb6 20. Ne5 Bf6 21. Rac1 Bxe5 22. dxe5 Nc4 23. Rxd8+ Rxd8 24. Na4 Nxe5 25. Rxc7 Rd2 26. Rc3 Nd3 27. Kf3 Nxf2 28. Rc6 Ng4 29. Kf4 Rf2+ 30. Kg5 h6+ 0-1


[Site "https://www.chess.com"]

[Event "Titled Tuesday Blitz June 21 Late 2022"]
[White "Howell, David W L"]
[Black "Jiganchine, Roman"]
[WhiteFideId "410608"]
[BlackFideId "2603667"]
[WhiteElo "2559"]
[BlackElo "2252"]
[Result "1-0"]
[Round "11"]
[TimeControl "180+1"]
[Date "2022.06.22"]
[WhiteClock "0:00:12"]
[BlackClock "0:00:08"]

1. e4 c6 2. Qf3 d5 3. Nc3 Nf6 4. e5 Nfd7 5. d4 e6 6. Qg3 a6 7. Nf3 h6 8. h4 c5 9. dxc5 Nc6 10. h5 Nxc5 11. Rh4 b6 12. Be3 Bb7 13. O-O-O Qc7 14. Kb1 O-O-O 15. Be2 Kb8 16. a3 Nd7 17. Bf4 Ka7 18. Bd3 Nc5 19. Be3 Nxd3 20. Rxd3 Na5 21. Ra4 Kb8 22. Rf4 Nc4 23. Bc1 Rg8 24. Rg4 b5 25. Bxh6 Bxa3 26. bxa3 Nxa3+ 27. Kc1 Nc4 28. Bd2 b4 29. Nb1 b3 30. Rxb3 Rc8 31. Bc3 Qe7 32. Nd4 Ka8 33. Rxg7 Rxg7 34. Qxg7 Qh4 35. Nf3 Qh1+ 36. Be1 Qf1 37. Qxf7 Bc6 38. Qxe6 Rc7 39. Qg8+ Ka7 40. Qb8# 1-0


[Site "https://www.chess.com"]

[Event "Titled Tuesday Blitz June 21 Late 2022"]
[White "Ibarra Jerez, Jose Carlos"]
[Black "Abarca Gonzalez, Nicolas"]
[WhiteFideId "2226332"]
[BlackFideId "3409422"]
[WhiteElo "2628"]
[BlackElo "2504"]
[Result "0-1"]
[Round "11"]
[TimeControl "180+1"]
[Date "2022.06.21"]
[WhiteClock "0:00:02"]
[BlackClock "0:00:09"]

1. c4 c5 2. g3 Nc6 3. Bg2 g6 4. Nc3 Bg7 5. d3 Nh6 6. h4 Nf5 7. h5 d6 8. h6 Bxc3+ 9. bxc3 e6 10. g4 Nfe7 11. Bg5 O-O 12. Qd2 f6 13. Be3 Qa5 14. g5 Nf5 15. gxf6 Nxe3 16. fxe3 Rxf6 17. Nf3 Bd7 18. O-O Raf8 19. e4 e5 20. Ng5 Qd8 21. Rxf6 Rxf6 22. Rf1 Rxf1+ 23. Bxf1 Qf8 24. Bh3 Bxh3 25. Nxh3 Qf6 26. Qe3 Nd8 27. Nf2 Kf7 28. Ng4 Qf4 29. Qxf4+ exf4 30. e3 Ne6 31. Kf2 g5 32. e5 dxe5 33. Nxe5+ Kf6 34. d4 cxd4 35. cxd4 Kf5 36. Kf3 g4+ 37. Kf2 g3+ 38. Kg2 fxe3 39. Kxg3 Nxd4 40. Nf7 Ke4 41. Kg2 Kd3 42. Ne5+ Kd2 43. c5 e2 44. Nc4+ Kd3 45. Nb2+ Kc2 46. Kf2 Kxb2 47. c6 bxc6 0-1


[Site "https://www.chess.com"]

[Event "Titled Tuesday Blitz June 21 Late 2022"]
[White "Isajevsky, Anton"]
[Black "Melikhov, Evgeny V."]
[WhiteFideId "4142500"]
[BlackFideId "4122046"]
[WhiteElo "2510"]
[BlackElo "1904"]
[Result "1/2-1/2"]
[Round "11"]
[TimeControl "180+1"]
[Date "2022.06.22"]
[WhiteClock "0:00:05"]
[BlackClock "0:00:17"]

1. b3 e5 2. Bb2 Nc6 3. e3 a6 4. c4 d5 5. cxd5 Qxd5 6. Nc3 Qd7 7. Nf3 Bd6 8. d4 exd4 9. Nxd4 Nxd4 10. Qxd4 Nf6 11. O-O-O Qe7 12. Bc4 Be6 13. Bxe6 Qxe6 14. f3 Qe5 15. Qd3 O-O-O 16. Ne4 Ba3 17. Qc3 Bxb2+ 18. Kxb2 Qxc3+ 19. Nxc3 Rxd1 20. Rxd1 Rd8 21. Rxd8+ Kxd8 22. Kc2 c5 23. a4 b6 24. Kd3 Kd7 25. g4 Kc6 26. g5 Nd7 27. f4 f5 28. gxf6 gxf6 29. e4 b5 30. axb5+ axb5 31. Nd5 Kd6 32. Ne3 Nb6 33. Nf5+ Ke6 34. Ne3 Kd6 35. Nf5+ Ke6 36. Ne3 Nc8 37. Nd5 Nd6 38. Ne3 Nb7 39. Nd5 Nd6 40. Ne3 Nb7 41. Nd5 Nd6 1/2-1/2


[Site "https://www.chess.com"]

[Event "Titled Tuesday Blitz June 21 Late 2022"]
[White "Ivic, Velimir"]
[Black "Florescu, Codrut-Constantin"]
[WhiteFideId "950122"]
[BlackFideId "1202200"]
[WhiteElo "2610"]
[BlackElo "2191"]
[Result "1-0"]
[Round "11"]
[TimeControl "180+1"]
[Date "2022.06.21"]
[WhiteClock "0:01:13"]
[BlackClock "0:01:21"]

1. b3 d5 2. Bb2 Nc6 3. Nf3 f6 4. g3 e5 5. d3 Bg4 6. Bg2 Qd7 7. c3 O-O-O 8. Nbd2 h5 9. h4 Nh6 10. b4 Nf5 11. a4 g6 12. a5 a6 13. Qb3 Bh6 14. b5 axb5 15. a6 Na7 16. axb7+ Kxb7 17. Nc4 c6 18. Qa3 dxc4 19. Qxa7+ Kc8 20. Qa8+ Kc7 21. Ra7+ Kb6 22. Ra6+ Kc7 23. Qa7+ Kd6 24. Ba3+ Ke6 25. Rxc6+ Qxc6 26. Ng5+ fxg5 27. Bxc6 cxd3 28. exd3 gxh4 29. f3 Nxg3 30. Qe7+ Kf5 31. Qf7+ Kg5 32. Bc1# 1-0


[Site "https://www.chess.com"]

[Event "Titled Tuesday Blitz June 21 Late 2022"]
[White "Jian, Alex"]
[Black "Adla, Diego"]
[WhiteFideId "30901022"]
[BlackFideId "100072"]
[WhiteElo "2111"]
[BlackElo "2377"]
[Result "1-0"]
[Round "11"]
[TimeControl "180+1"]
[Date "2022.06.22"]
[WhiteClock "0:00:11"]
[BlackClock "0:00:02"]

1. Nf3 Nf6 2. b4 e6 3. a3 a5 4. b5 b6 5. Bb2 Bb7 6. a4 Be7 7. g3 O-O 8. Bg2 c5 9. d3 d6 10. O-O Qc7 11. Nbd2 Nbd7 12. e4 Rfe8 13. Re1 Rad8 14. c4 Nf8 15. e5 dxe5 16. Nxe5 Ng6 17. Ndf3 Bd6 18. Nxg6 hxg6 19. Be5 Nd7 20. Bb2 Re7 21. Qe2 Rde8 22. Rad1 e5 23. Ng5 Bxg2 24. Kxg2 f5 25. Kg1 Qb7 26. Qf3 Qxf3 27. Nxf3 Kf7 28. Ng5+ Kg8 29. Nf3 Kf7 30. Kg2 Kf6 31. Nd2 g5 32. Nf3 g4 33. Nd2 g6 34. h3 gxh3+ 35. Kxh3 Rh7+ 36. Kg2 Reh8 37. Nf3 g5 38. Rh1 Rxh1 39. Rxh1 Rxh1 40. Kxh1 g4 41. Nd2 Ke6 42. Kg2 Be7 43. f3 gxf3+ 44. Kxf3 Bg5 45. Nf1 Nf6 46. Nh2 Bd2 47. g4 fxg4+ 48. Nxg4 Nxg4 49. Kxg4 Be3 50. Kf3 Bd4 51. Bxd4 exd4 52. Ke4 Kd6 53. Kf5 1-0


[Site "https://www.chess.com"]

[Event "Titled Tuesday Blitz June 21 Late 2022"]
[White "Jovic, Stanoje"]
[Black "Bjelobrk, Igor"]
[WhiteFideId "905020"]
[BlackFideId "4300726"]
[WhiteElo "2286"]
[BlackElo "2335"]
[Result "1/2-1/2"]
[Round "11"]
[TimeControl "180+1"]
[Date "2022.06.21"]
[WhiteClock "0:00:09"]
[BlackClock "0:00:07"]

1. c4 e6 2. g3 d5 3. Bg2 Nf6 4. Nf3 d4 5. O-O c5 6. e3 Nc6 7. b4 cxb4 8. exd4 Nxd4 9. Bb2 Nxf3+ 10. Qxf3 Be7 11. d4 O-O 12. Nd2 a5 13. g4 h6 14. h4 Nh7 15. h5 a4 16. Rad1 Ra5 17. c5 Nf6 18. Nc4 Ra7 19. Ne3 Bd7 20. d5 exd5 21. Nxd5 Nxd5 22. Rxd5 Qc8 23. Rd6 Bxd6 24. cxd6 Bc6 25. Qf4 Bxg2 26. Kxg2 b6 27. g5 hxg5 28. Qxg5 f6 29. Qd5+ Raf7 30. Kg3 Qb7 31. Qd3 Rd8 32. h6 gxh6 33. Kh2 Kh8 34. Qg6 Rg8 35. Bxf6+ Rxf6 36. Qxf6+ Kh7 37. Qf5+ Rg6 38. f3 Qc6 39. Rd1 Qe8 40. Rd2 Qe1 41. Qf7+ Rg7 42. Qf5+ Rg6 43. Rg2 Qh4+ 44. Qh3 Qxh3+ 45. Kxh3 Rxd6 46. Rg4 b3 47. axb3 axb3 48. Rb4 Rd3 49. Kg3 Kg6 50. Rxb6+ Kg5 51. Rb5+ Kg6 52. Kf4 h5 53. Rb6+ Kg7 54. Kg5 Rxf3 55. Rb7+ Kf8 56. Kxh5 Ke8 57. Kg4 Rc3 58. Kf4 Kd8 59. Ke4 Kc8 60. Rb4 Kc7 61. Kd4 Rh3 62. Kc4 Kc6 63. Rxb3 Rxb3 64. Kxb3 1/2-1/2


[Site "https://www.chess.com"]

[Event "Titled Tuesday Blitz June 21 Late 2022"]
[White "Kamsky, Gata"]
[Black "Grischuk, Alexander"]
[WhiteFideId "2000024"]
[BlackFideId "4126025"]
[WhiteElo "2645"]
[BlackElo "2762"]
[Result "0-1"]
[Round "11"]
[TimeControl "180+1"]
[Date "2022.06.21"]
[WhiteClock "0:00:11"]
[BlackClock "0:00:49"]

1. d4 Nf6 2. Nf3 d6 3. Bg5 Nbd7 4. Nbd2 e5 5. c3 Be7 6. e4 h6 7. Bxf6 Bxf6 8. dxe5 Nxe5 9. Nxe5 Bxe5 10. Bb5+ c6 11. Bc4 O-O 12. O-O b5 13. Bb3 Rb8 14. f4 Bf6 15. Nf3 Bg4 16. h3 Bxf3 17. Qxf3 a5 18. a3 b4 19. axb4 axb4 20. Bc4 Qb6+ 21. Kh1 Qc5 22. Qd3 bxc3 23. bxc3 Rfd8 24. Rad1 Ra8 25. Rf3 Ra3 26. e5 dxe5 27. Qxd8+ Bxd8 28. Rxd8+ Kh7 29. fxe5 Qxc4 0-1


[Site "https://www.chess.com"]

[Event "Titled Tuesday Blitz June 21 Late 2022"]
[White "Kanyamarala, Trisha"]
[Black "Ricaurte Lopez, Juan Carlos"]
[WhiteFideId "45004722"]
[BlackFideId "3600327"]
[WhiteElo "2134"]
[BlackElo "2209"]
[Result "1/2-1/2"]
[Round "11"]
[TimeControl "180+1"]
[Date "2022.06.22"]
[WhiteClock "0:00:03"]
[BlackClock "0:00:15"]

1. d4 d5 2. c4 e5 3. dxe5 d4 4. a3 Nc6 5. Nf3 Bg4 6. Bf4 Nge7 7. b4 Ng6 8. Bg3 Bxf3 9. exf3 Ncxe5 10. f4 Nc6 11. Bd3 Qe7+ 12. Qe2 Qxe2+ 13. Kxe2 O-O-O 14. Nd2 Bd6 15. f5 Nf4+ 16. Bxf4 Bxf4 17. g3 Bxd2 18. Kxd2 Ne5 19. f4 Ng4 20. Rae1 Rhe8 21. h3 Ne3 22. g4 b6 23. Rhg1 c5 24. Rb1 Kc7 25. bxc5 bxc5 26. Rb5 Kc6 27. Rgb1 Re7 28. Ra5 Rc7 29. Rbb5 Kd6 30. Ra6+ Kd7 31. Rba5 Ra8 32. Rb5 Re8 33. Raa5 Kd6 34. Ra6+ Rc6 35. Rba5 Rb6 36. Rxb6+ axb6 37. Ra7 Re7 38. Ra8 Ng2 39. Rd8+ Kc7 40. Rg8 g6 41. fxg6 hxg6 42. f5 gxf5 43. gxf5 Nf4 44. f6 Re3 45. Bf5 Nxh3 46. Rg7 Kd6 47. Rxf7 Ke5 48. Bxh3 Rxh3 49. Rb7 Kxf6 50. Rxb6+ Ke5 51. Rd6 Ke4 52. Re6+ Kf5 53. Rc6 Rxa3 54. Rxc5+ Ke4 55. Rc8 Ra2+ 56. Kc1 Kd3 57. c5 Rc2+ 58. Kd1 Rc4 59. c6 Kc3 60. c7 d3 61. Ke1 d2+ 62. Kd1 Rc6 63. Rd8 Rxc7 64. Rxd2 Re7 65. Rc2+ Kb3 66. Rc8 Kb4 67. Kd2 Kb5 68. Kd3 1/2-1/2


[Site "https://www.chess.com"]

[Event "Titled Tuesday Blitz June 21 Late 2022"]
[White "Keymer, Vincent"]
[Black "Domingo Nunez, Ruben"]
[WhiteFideId "12940690"]
[BlackFideId "22245570"]
[WhiteElo "2548"]
[BlackElo "2376"]
[Result "0-1"]
[Round "11"]
[TimeControl "180+1"]
[Date "2022.06.21"]
[WhiteClock "0:00:38"]
[BlackClock "0:00:35"]

1. Nf3 g6 2. d4 Bg7 3. c4 d6 4. Nc3 Nd7 5. g3 Ngf6 6. Bg2 O-O 7. O-O c5 8. d5 Rb8 9. a4 b6 10. h3 a6 11. Qc2 Ne8 12. b3 b5 13. a5 b4 14. Na4 Bxa1 15. Nb2 Qxa5 16. Bh6 Ng7 17. Qb1 Bxb2 18. Qxb2 f6 19. Ng5 Ne5 20. Ne4 Nf7 21. Bc1 Qc7 22. f4 a5 23. g4 a4 24. bxa4 Ra8 25. Qc2 Bd7 26. Bb2 Rxa4 27. g5 b3 28. Qc3 Qa5 29. Nxf6+ exf6 30. Qxf6 Nh5 31. Qe7 Qd8 32. Qe3 Re8 33. Qd3 Ra2 34. Qxb3 Qa8 35. f5 Bxf5 36. e4 Rb8 0-1


[Site "https://www.chess.com"]

[Event "Titled Tuesday Blitz June 21 Late 2022"]
[White "Khismatullin, Denis"]
[Black "Garriga Cazorla, Pere"]
[WhiteFideId "4142578"]
[BlackFideId "32011601"]
[WhiteElo "2543"]
[BlackElo "2433"]
[Result "0-1"]
[Round "11"]
[TimeControl "180+1"]
[Date "2022.06.21"]
[WhiteClock "0:00:04"]
[BlackClock "0:00:08"]

1. Nf3 c5 2. b3 d6 3. d4 cxd4 4. Nxd4 e5 5. Nb5 a6 6. N5c3 Be6 7. e4 Nf6 8. Bb2 Nbd7 9. g3 h5 10. h3 Rc8 11. a4 Be7 12. Bg2 O-O 13. O-O Qa5 14. Nd5 Bxd5 15. exd5 h4 16. c4 Qb6 17. a5 Qc7 18. Nd2 g6 19. Qe2 Nh5 20. Kh2 f5 21. b4 Rce8 22. Rad1 Qd8 23. c5 dxc5 24. d6 Bg5 25. Qc4+ Kh7 26. bxc5 e4 27. Bd4 e3 28. Nf3 e2 29. Rb1 exf1=N+ 30. Qxf1 hxg3+ 31. fxg3 Be3 32. Rxb7 Bxd4 33. Nxd4 Kh6 34. Qc1+ f4 35. g4 Ng3 36. Nf3 Re3 37. g5+ Kh5 38. c6 Rxf3 39. Bxf3+ Kxg5 40. Rxd7 Qxa5 41. Re7 Qa2+ 42. Bg2 Nf5 43. Re4 Nh4 44. Qf1 f3 45. Rg4+ Kh5 46. d7 Qd5 47. Rxh4+ Kxh4 48. Qf2+ Kh5 49. Bh1 Qd6+ 50. Qg3 Qxc6 51. h4 Kh6 52. Qg5+ Kh7 53. d8=Q Qc2+ 54. Kg3 Rxd8 55. Qxd8 Qf5 56. Qe7+ Kh6 57. Bxf3 a5 58. Qe3+ g5 59. h5 Qf4+ 60. Qxf4 gxf4+ 61. Kxf4 a4 0-1


[Site "https://www.chess.com"]

[Event "Titled Tuesday Blitz June 21 Late 2022"]
[White "Kovacevic, Radmila"]
[Black "Aksu, Vedat Ali"]
[WhiteFideId "933171"]
[BlackFideId "6304320"]
[WhiteElo "2115"]
[BlackElo "2289"]
[Result "0-1"]
[Round "11"]
[TimeControl "180+1"]
[Date "2022.06.22"]
[WhiteClock "0:00:01"]
[BlackClock "0:00:17"]

1. e4 c5 2. Nf3 e6 3. d4 cxd4 4. Nxd4 a6 5. Nc3 Qc7 6. Be3 Nf6 7. Bd3 h5 8. h3 b5 9. Qd2 Bb7 10. f3 Nc6 11. Nce2 Rc8 12. Nb3 Ne5 13. O-O-O d5 14. exd5 Nxd3+ 15. Qxd3 Nxd5 16. Bd2 Bb4 17. Kb1 Bxd2 18. Qxd2 O-O 19. Rc1 Rfd8 20. Qg5 Qc4 21. Rhe1 Qa4 22. c3 b4 23. c4 Nb6 24. Na5 Ba8 25. b3 Qe8 26. Qxh5 Rd2 27. Rc2 Qd7 28. Rec1 Qd3 29. Nf4 Qd4 30. Qg5 Rxc2 31. Rxc2 Rc5 32. Ne2 Rxg5 33. Nxd4 Rxa5 34. c5 Nd5 35. c6 Nc7 36. Rc4 e5 37. Nf5 g6 38. Ne7+ Kf8 39. Nc8 Ke8 40. Nb6 Ke7 41. Kb2 Kd6 0-1


[Site "https://www.chess.com"]

[Event "Titled Tuesday Blitz June 21 Late 2022"]
[White "Ladan, Nicholas"]
[Black "Indjic, Aleksandar"]
[WhiteFideId "30918855"]
[BlackFideId "911925"]
[WhiteElo "2167"]
[BlackElo "2616"]
[Result "0-1"]
[Round "11"]
[TimeControl "180+1"]
[Date "2022.06.21"]
[WhiteClock "0:00:48"]
[BlackClock "0:02:11"]

1. d4 Nf6 2. c4 c5 3. d5 e6 4. Nc3 exd5 5. cxd5 d6 6. Nf3 g6 7. g3 Bg7 8. Bg2 O-O 9. O-O Re8 10. Re1 a6 11. a4 Nbd7 12. Bf4 Ng4 13. Nd2 Nge5 14. e4 Nd3 15. Nc4 Nxf4 16. gxf4 Nb6 17. Qd3 Nxc4 18. Qxc4 Qh4 19. Ne2 Bg4 20. e5 Bxe2 21. Rxe2 Rxe5 22. Rae1 Rae8 23. Re3 Rxe3 24. Rxe3 Rxe3 25. fxe3 Qe1+ 26. Qf1 Qxe3+ 27. Kh1 Bxb2 28. f5 Kg7 29. fxg6 hxg6 30. Qf3 Qxf3 31. Bxf3 b5 32. Be2 c4 33. axb5 axb5 34. Kg2 Kf6 0-1


[Site "https://www.chess.com"]

[Event "Titled Tuesday Blitz June 21 Late 2022"]
[White "Lopez Perdomo, Juan David"]
[Black "Aldokhin, Ivan"]
[WhiteFideId "4405137"]
[BlackFideId "24115720"]
[WhiteElo "1997"]
[BlackElo "2231"]
[Result "1-0"]
[Round "11"]
[TimeControl "180+1"]
[Date "2022.06.22"]
[WhiteClock "0:00:04"]
[BlackClock "0:00:02"]

1. e4 e6 2. d4 d5 3. Nc3 Bb4 4. e5 Qd7 5. f4 b6 6. Nf3 Ba6 7. Bd2 Ne7 8. Bd3 Bxd3 9. cxd3 h5 10. Nh4 c5 11. O-O Bxc3 12. bxc3 cxd4 13. cxd4 Nbc6 14. Qa4 Nxe5 15. Qxd7+ Nxd7 16. f5 O-O 17. fxe6 fxe6 18. Rfe1 Nf5 19. Nxf5 exf5 20. Re7 Rf7 21. Rae1 Rxe7 22. Rxe7 Nf6 23. Bf4 Re8 24. Rxa7 Ng4 25. Kf1 g5 26. Bxg5 Nxh2+ 27. Kf2 Ng4+ 28. Kf3 Re1 29. Rd7 Rf1+ 30. Kg3 Rf2 31. a4 Ra2 32. Rxd5 h4+ 33. Kxh4 Rxa4 34. Rd6 Rb4 35. Bf4 Kf7 36. Kg5 Nf6 37. Rxf6+ Ke7 38. Rd6 Rb5 39. Rc6 Kd7 40. Rc7+ Ke6 41. Rc6+ Kd7 42. Rf6 Rb3 43. Rxf5 Rxd3 44. g3 Rxd4 45. Rb5 Kc6 46. Rb2 b5 47. Kf5 b4 48. Be5 1-0


[Site "https://www.chess.com"]

[Event "Titled Tuesday Blitz June 21 Late 2022"]
[White "Mangialardo, Tiago Carvalho"]
[Black "Desideri, Ricardo Maruchi"]
[WhiteFideId "2130718"]
[BlackFideId "2110440"]
[WhiteElo "2081"]
[BlackElo "1945"]
[Result "0-1"]
[Round "11"]
[TimeControl "180+1"]
[Date "2022.06.22"]
[WhiteClock "0:00:03"]
[BlackClock "0:00:11"]

1. e4 c5 2. Nf3 d6 3. d4 cxd4 4. Nxd4 Nf6 5. Nc3 a6 6. Be3 e6 7. Be2 b5 8. a3 Bb7 9. Bf3 Nbd7 10. O-O Qc7 11. Qd2 Ne5 12. Qe2 Nxf3+ 13. Qxf3 Be7 14. Rfe1 O-O 15. Rad1 Nd7 16. Qg3 Rfe8 17. Bh6 Bf8 18. Be3 Nc5 19. f3 Rac8 20. h4 g6 21. h5 Bg7 22. Kf2 Red8 23. Rh1 d5 24. Qh4 dxe4 25. hxg6 hxg6 26. Bh6 Bxd4+ 27. Rxd4 Rxd4 0-1


[Site "https://www.chess.com"]

[Event "Titled Tuesday Blitz June 21 Late 2022"]
[White "Martinez Reyes, Pedro Ramon"]
[Black "Lashkin, Jegor"]
[WhiteFideId "3901807"]
[BlackFideId "13907808"]
[WhiteElo "2410"]
[BlackElo "2368"]
[Result "1-0"]
[Round "11"]
[TimeControl "180+1"]
[Date "2022.06.21"]
[WhiteClock "0:00:15"]
[BlackClock "0:00:07"]

1. e4 c5 2. Nf3 d6 3. d4 cxd4 4. Nxd4 Nf6 5. Nc3 a6 6. Be2 e5 7. Nb3 Be7 8. O-O O-O 9. Bg5 Be6 10. Bf3 Nbd7 11. Re1 Rc8 12. a3 b5 13. Nd2 Nb6 14. h3 h6 15. Bxf6 Bxf6 16. Bg4 Qc7 17. Bxe6 fxe6 18. Qg4 Qf7 19. Rad1 Be7 20. Re2 Rc6 21. Rf1 Bg5 22. Nf3 Bf6 23. Nd2 d5 24. Nb3 d4 25. Na2 Nc4 26. Nb4 Rd6 27. Nd3 Qc7 28. Nbc5 Qe7 29. b3 Rc6 30. b4 Nxa3 31. f4 Nc4 32. fxe5 Bg5 33. Rxf8+ Kxf8 34. Nf4 Nxe5 35. Nfxe6+ Kg8 36. Qf5 Bf6 37. Nxd4 Rxc5 38. bxc5 Qxc5 39. Qe6+ Kh8 40. c3 Qxc3 41. Nf5 Qc5+ 42. Kh2 Qc7 43. g3 b4 44. Nxh6 Kh7 45. Nf5 Qc4 46. Qxc4 Nxc4 47. Ne3 Nxe3 48. Rxe3 Be5 49. Rd3 a5 50. Rd5 Bc7 51. Rb5 Kg6 52. Kg2 Kf7 53. Kf3 Ke6 54. Ke3 Kd7 55. Kd4 Kc6 56. Kc4 Bb6 57. e5 Bc7 58. e6 Kd6 59. Rg5 Kxe6 60. Rxg7 Be5 61. Rg6+ Bf6 62. g4 Kf7 63. Rh6 Kg7 64. Rh5 Bd8 65. Rd5 Bb6 66. Rb5 Bd8 67. Rb8 Bf6 68. Ra8 b3 69. Kxb3 Kg6 70. Rxa5 Bd8 71. Rf5 Bc7 72. Kc4 Bg3 73. Kd5 Bh4 74. Ke6 Bg3 75. Rh5 Bh4 76. Rxh4 Kg5 77. Rh5+ Kf4 78. Rf5+ Kg3 79. g5 1-0


[Site "https://www.chess.com"]

[Event "Titled Tuesday Blitz June 21 Late 2022"]
[White "Mei, Austin"]
[Black "Shapiro, Daniel"]
[WhiteFideId "30948479"]
[BlackFideId "2001780"]
[WhiteElo "1936"]
[BlackElo "2271"]
[Result "1-0"]
[Round "11"]
[TimeControl "180+1"]
[Date "2022.06.22"]
[WhiteClock "0:01:00"]
[BlackClock "0:00:01"]

1. e4 c5 2. Nf3 e6 3. d3 Nc6 4. Nbd2 g6 5. g3 Bg7 6. Bg2 e5 7. O-O Nge7 8. a4 b6 9. c3 d6 10. Re1 O-O 11. Nc4 h6 12. Nfd2 Be6 13. Qe2 d5 14. exd5 Bxd5 15. Nf3 f6 16. h4 h5 17. Ne3 Be6 18. Qc2 Qd7 19. Rd1 Rad8 20. b3 Nd5 21. Nc4 Kh8 22. Bb2 Bf5 23. Qe2 Nde7 24. d4 cxd4 25. cxd4 exd4 26. Nxd4 Nxd4 27. Rxd4 Qc7 28. Rad1 Rxd4 29. Rxd4 Nc6 30. Rf4 Bh6 31. Rxf5 gxf5 32. Qxh5 Qh7 33. Nd6 Ne7 34. Bh3 Qg6 35. Qxg6 Nxg6 36. Nxf5 Bd2 37. f4 Kh7 38. h5 Nh8 39. Bg2 Bb4 40. Be4 Kg8 41. Kf2 Bc5+ 42. Kf3 Nf7 43. Bd5 Kh7 44. Bxf6 Nd6 45. Nxd6 Rxf6 46. Ne4 Rf8 47. g4 a5 48. g5 Rd8 49. Bc4 Kg7 50. h6+ Kg6 51. Nxc5 bxc5 52. Kg4 Rf8 53. Bd3+ Kf7 54. f5 Rd8 55. Bc4+ 1-0


[Site "https://www.chess.com"]

[Event "Titled Tuesday Blitz June 21 Late 2022"]
[White "Mickiewicz, Piotr"]
[Black "Bayo Milagro, Alvaro"]
[WhiteFideId "1114891"]
[BlackFideId "22275240"]
[WhiteElo "2209"]
[BlackElo "2270"]
[Result "0-1"]
[Round "11"]
[TimeControl "180+1"]
[Date "2022.06.21"]
[WhiteClock "0:00:03"]
[BlackClock "0:00:06"]

1. e4 e5 2. Nf3 Nc6 3. Bc4 Nf6 4. d3 Bc5 5. Nc3 O-O 6. h3 Nd4 7. Nxe5 c6 8. O-O d5 9. exd5 cxd5 10. Bb3 Nxb3 11. axb3 Re8 12. d4 Bd6 13. Bf4 Bf5 14. Ne2 a6 15. Ng3 Be6 16. Re1 Rc8 17. c3 h6 18. Qd2 Bf8 19. b4 Qb6 20. Qd3 Ra8 21. Ra5 Rac8 22. Rea1 Nd7 23. Nxd7 Bxd7 24. Rxd5 Bc6 25. Re5 Rxe5 26. Bxe5 Bb5 27. Qd2 Qe6 28. Re1 Re8 29. Re3 Qd5 30. Nf5 Bc6 31. Rg3 Rxe5 32. c4 Qd7 33. Nxh6+ Kh7 34. Qc2+ Be4 35. Qc3 Re8 36. Ng4 Bd6 37. Re3 Bf4 38. Ne5 Rxe5 39. dxe5 Bxe3 40. Qxe3 Qf5 41. f3 Bc6 42. Kh2 g5 43. Kg3 Kg6 44. c5 Bd5 45. b3 Bc6 46. Qd4 Qe6 47. h4 Qxb3 48. hxg5 Qe6 49. f4 Qd5 50. Qxd5 Bxd5 51. Kg4 Be6+ 52. Kf3 Bd5+ 53. Kg4 Bxg2 54. f5+ Kg7 55. Kf4 Bd5 56. Ke3 Ba2 57. Kf4 Bb1 0-1


[Site "https://www.chess.com"]

[Event "Titled Tuesday Blitz June 21 Late 2022"]
[White "Navarrete Mendez, Gonzalo Alberto"]
[Black "Urbina Perez, Juan Antonio"]
[WhiteFideId "5106850"]
[BlackFideId "2217368"]
[WhiteElo "2261"]
[BlackElo "2192"]
[Result "1/2-1/2"]
[Round "11"]
[TimeControl "180+1"]
[Date "2022.06.22"]
[WhiteClock "0:00:20"]
[BlackClock "0:01:07"]

1. e4 e5 2. Nf3 Nf6 3. Nc3 Nc6 4. Bb5 Bb4 5. O-O O-O 6. d4 exd4 7. Nd5 Nxd5 8. exd5 Ne7 9. Qxd4 Bd6 10. Bd3 Ng6 11. Qg4 Be7 12. Qh5 d6 13. Re1 Bf6 14. Ng5 Bxg5 15. Bxg5 Qd7 16. Re7 Qg4 17. Qxg4 Bxg4 18. Rxc7 Ne5 19. Be7 Rfc8 20. Bxd6 Nxd3 21. cxd3 Rd8 22. h3 Bf5 23. Bf4 Rxd5 24. Rxb7 Rxd3 25. Be3 a6 26. Rc1 h6 27. Kf1 Be6 28. b3 Rd7 29. Rcc7 Rxc7 30. Rxc7 a5 31. Ra7 Rxa7 32. Bxa7 a4 33. bxa4 Bxa2 34. Ke2 Kf8 35. Ke3 Ke8 36. Bc5 g6 37. g3 Be6 38. h4 h5 39. Kd4 Kd7 40. Ke5 Kc6 41. Be3 Bb3 42. a5 Kb5 43. Bd2 Be6 44. Kf4 Bd5 45. Kg5 Bc6 46. Kf6 Bd5 47. Ke5 Bc4 48. Kf4 Bd5 49. f3 Bc6 50. g4 Bd5 51. Be1 Bc6 52. Ke3 Bd5 53. Kf4 Bc6 54. gxh5 gxh5 55. Ke3 Bd5 56. f4 f5 57. Kd4 Bf3 58. Ke5 Bg4 59. Kd6 Ka6 60. Kc6 Bf3+ 61. Kc5 Bg4 62. Kd4 Bf3 63. Ke5 Bg4 64. Kf6 Kb7 65. Ke7 Ka6 66. Kd6 Kb5 67. Kc7 Ka6 68. Kb8 Bf3 69. Bf2 Bg4 70. Bb6 Bf3 71. Kc7 Bg4 72. Kd6 Bf3 73. Ke5 Bg4 74. Kf6 Kb7 75. Ke5 Ka6 76. Bd8 Kb7 77. Kd6 Ka6 78. Bb6 Bh3 79. Ke6 Bg4 80. Kf6 Kb7 81. Kg6 Ka6 82. Kg5 Kb7 83. Bd4 Ka6 84. Bc3 Kb7 85. Bd2 Ka6 86. Kf6 Kb7 87. Ke7 Ka6 88. Kd6 Bh3 89. Kc5 Bg4 90. Kb4 Bh3 91. Be3 Bg4 92. Bb6 Bh3 93. Kc5 Bg4 94. Kd6 1/2-1/2


[Site "https://www.chess.com"]

[Event "Titled Tuesday Blitz June 21 Late 2022"]
[White "Needleman, Alejandro"]
[Black "Veiga, Jose Francisco R P Neves"]
[WhiteFideId "100730"]
[BlackFideId "1930087"]
[WhiteElo "2328"]
[BlackElo "2326"]
[Result "0-1"]
[Round "11"]
[TimeControl "180+1"]
[Date "2022.06.22"]
[WhiteClock "0:02:09"]
[BlackClock "0:01:43"]

1. e4 g6 2. d4 Bg7 3. Nf3 c6 4. Nc3 d5 5. h3 dxe4 6. Nxe4 Nf6 7. Nxf6+ exf6 8. Bc4 O-O 9. O-O a5 10. a4 Na6 11. c3 Nc7 12. Re1 Nd5 13. Bxd5 Qxd5 14. Re7 Qd6 15. Re1 Be6 16. Be3 Rfe8 17. Nd2 f5 18. Qf3 Bd5 19. Qf4 Bf8 20. c4 Be6 21. b3 Rad8 22. Rad1 Qxf4 23. Bxf4 Rxd4 24. Nf3 Rxf4 0-1


[Site "https://www.chess.com"]